[Event "Titled Tuesday Blitz February 21 Late 2023"]
[White "Skvortsov, Andrei"]
[Black "Figorito, Nick"]
[WhiteFideId "24108600"]
[BlackFideId "30923689"]
[WhiteElo "2313"]
[BlackElo "2036"]
[Result "1-0"]
[Round "03"]
[TimeControl "180+2"]
[Date "2023.02.21"]
[WhiteClock "0:00:06"]
[BlackClock "0:00:17"]

1. e4 e6 2. d4 d5 3. exd5 exd5 4. Nf3 Bd6 5. Nc3 c6 6. Be3 Ne7 7. Bd3 Bf5 8. O-O O-O 9. Re1 Qc7 10. Bf1 Bg4 11. h3 Bh5 12. Be2 Nd7 13. Nh4 Bxe2 14. Qxe2 Rfe8 15. Qd3 Nf6 16. a3 Ng6 17. Nxg6 hxg6 18. Bg5 Qd7 19. Qf3 Qf5 20. Qxf5 gxf5 21. Bxf6 gxf6 22. Kf1 Re6 23. Re2 Rae8 24. Rae1 Kg7 25. Nd1 Re4 26. c3 f4 27. f3 R4e6 28. Nf2 f5 29. Nd3 Kg6 30. a4 a5 31. b3 Kg5 32. c4 dxc4 33. bxc4 Re3 34. Rxe3 fxe3 35. Ke2 f4 36. Rb1 Re7 37. d5 Kh4 38. c5 Bb8 39. d6 Rd7 40. Ne5 Rd8 41. Nxf7 Rg8 42. Rg1 Rf8 43. Ne5 Rg8 44. Ng4 b6 45. d7 bxc5 46. Rd1 Rd8 47. Nf6 c4 48. Ne4 Be5 49. Nc5 c3 50. Rb1 c2 51. Rc1 Bd4 52. Ne6 Rxd7 53. Rxc2 Rd6 54. Nxf4 Kg3 55. Nh5+ Kxg2 56. h4 Kh3 57. Nf4+ Kxh4 58. Kd3 Be5+ 59. Kxe3 Bxf4+ 60. Kxf4 Rf6+ 61. Ke3 Kg3 62. Ke4 Re6+ 63. Kf5 Rd6 64. f4 Rd4 65. Rc3+ Kh4 66. Ke5 Rxa4 67. f5 Ra2 68. f6 Rf2 69. Rxc6 Re2+ 70. Kf5 Rf2+ 71. Kg6 Re2 72. Kf7 Rg2 73. Ra6 Rf2 74. Rxa5 Re2 75. Kg7 Rg2+ 76. Kf8 Rf2 77. f7 Kg4 78. Re5 Kf4 79. Re6 Kf5 80. Ke7 Kg5 81. f8=Q Rxf8 82. Kxf8 Kf5 83. Ke7 1-0


[Site "https://www.chess.com"]

[Event "Titled Tuesday Blitz February 21 Late 2023"]
[White "Kalajzic, Ivan"]
[Black "Zhurbinsky, David"]
[WhiteFideId "14506378"]
[BlackFideId "2072904"]
[WhiteElo "2062"]
[BlackElo "2045"]
[Result "0-1"]
[Round "03"]
[TimeControl "180+2"]
[Date "2023.02.21"]
[WhiteClock "0:00:07"]
[BlackClock "0:00:05"]

1. b3 e5 2. Bb2 Nc6 3. e3 Nf6 4. Bb5 e4 5. f3 d5 6. Ne2 Bd6 7. O-O exf3 8. Rxf3 Bg4 9. Rf1 Qd7 10. Bxf6 gxf6 11. Nbc3 O-O-O 12. Qe1 Rhg8 13. Nf4 Rg5 14. Qf2 Rdg8 15. g3 Bh3 16. Ncxd5 Rxd5 17. Nxd5 Bxg3 18. hxg3 Qxd5 19. Bxc6 Qxc6 20. Kh2 Bxf1 21. Rxf1 Qxc2 22. Qf5+ Qxf5 23. Rxf5 Rg6 24. Rd5 c6 25. Rd4 Kc7 26. Kg2 Rg5 27. Kf3 h5 28. e4 Re5 29. d3 b5 30. b4 Rg5 31. a3 a6 32. Kf2 Rg4 33. Kf3 f5 34. a4 bxa4 35. Rc4 fxe4+ 36. dxe4 Kb6 37. Rc5 Rg6 38. Ra5 Rf6+ 39. Ke3 Rg6 40. Kf3 a3 41. Rxa3 Kb5 42. Ra5+ Kxb4 43. Rxa6 Kb5 44. Ra2 c5 45. Ra7 Rf6+ 46. Ke3 c4 47. e5 Re6 48. Ke4 Kb4 49. Rb7+ Kc3 50. Kf5 Rc6 51. Rxf7 Kd4 52. e6 c3 53. e7 Rc8 54. Rf8 Rc5+ 55. Kf6 Rc6+ 56. Kf7 c2 57. e8=Q c1=Q 58. Qxc6 Qxc6 59. Rd8+ Ke5 60. Re8+ Kf5 61. Re7 Qg6+ 62. Kf8 Kf6 63. Rf7+ Qxf7# 0-1


[Site "https://www.chess.com"]

[Event "Titled Tuesday Blitz February 21 Late 2023"]
[White "Feng, Eric"]
[Black "Matko, Ognjen"]
[WhiteFideId "30952590"]
[BlackFideId "14509717"]
[WhiteElo "1951"]
[BlackElo "2295"]
[Result "1-0"]
[Round "03"]
[TimeControl "180+2"]
[Date "2023.02.21"]
[WhiteClock "0:00:46"]
[BlackClock "0:00:01"]

1. d4 Nf6 2. c4 e6 3. Nf3 d5 4. g3 c6 5. Nbd2 Bb4 6. Bg2 O-O 7. O-O Nbd7 8. Qc2 Re8 9. a3 Bxd2 10. Bxd2 Ne4 11. Bf4 f5 12. Rfd1 Ndf6 13. Ne5 g5 14. Be3 Nd7 15. f3 Nd6 16. c5 Nxe5 17. dxe5 Nf7 18. Bd4 Bd7 19. e4 Qe7 20. exf5 exf5 21. Re1 Be6 22. g4 f4 23. Kf2 Nh8 24. h4 gxh4 25. Rh1 Qg5 26. Bf1 Ng6 27. Bd3 Kf7 28. Rag1 Ke7 29. Bf5 Kd7 30. Bxe6+ Kxe6 31. Re1 Re7 32. Ke2 a6 33. Kd2 Rae8 34. Kc1 Kd7 35. Qf5+ Qxf5 36. gxf5 Rxe5 37. Bxe5 Nxe5 38. Kc2 Nxf3 39. Rxe8 Kxe8 40. Rf1 Nd4+ 41. Kd3 Nxf5 42. Rxf4 Ng7 43. Rxh4 Ne6 44. b4 Nf8 45. Kd4 Kf7 46. Rh1 Ke6 47. Re1+ Kd7 48. Ke5 Ng6+ 49. Kf6 Nf4 50. Re7+ Kc8 51. Rxh7 Nd3 52. Ke6 Nb2 53. Kd6 Nc4+ 54. Ke6 Nxa3 55. Ke5 Nc4+ 56. Kd4 Kb8 57. Rh8+ Ka7 58. Rh7 Na3 59. Rf7 Nb5+ 60. Kd3 Kb8 61. Rg7 Kc8 62. Rh7 Kb8 63. Rh4 Kc8 64. Kc2 Kb8 65. Kb3 d4 66. Rh7 Kc8 67. Ka4 Kb8 68. Ka5 Nc7 69. Rd7 Nd5 70. Ka4 Kc8 71. Rd6 1-0


[Site "https://www.chess.com"]

[Event "Titled Tuesday Blitz February 21 Late 2023"]
[White "Hoffmann, Asa"]
[Black "Thomforde-Toates, Noah"]
[WhiteFideId "2001470"]
[BlackFideId "30951992"]
[WhiteElo "2185"]
[BlackElo "2124"]
[Result "0-1"]
[Round "03"]
[TimeControl "180+2"]
[Date "2023.02.21"]
[WhiteClock "0:00:18"]
[BlackClock "0:00:12"]

1. d4 Nf6 2. Bg5 Ne4 3. Bf4 c5 4. f3 Nf6 5. dxc5 Nc6 6. e4 Qa5+ 7. Nc3 e5 8. Bd2 Qxc5 9. a3 a6 10. Bd3 Be7 11. Qe2 Nd4 12. Qf2 b5 13. Nge2 Qa7 14. Nxd4 Bc5 15. Nce2 exd4 16. Qg3 O-O 17. Bg5 Be7 18. e5 Nh5 19. Qh4 Bxg5 20. Qxg5 g6 21. g4 Ng7 22. h4 Qc5 23. f4 Bb7 24. O-O Qd5 25. Kf2 Ne6 26. Qf6 Qg2+ 27. Ke1 Qxg4 28. Kd2 Ng7 29. Qg5 Qh3 30. Kc1 Qe3+ 31. Kb1 Rac8 32. Rg1 Be4 33. Nc1 Bxd3 34. Nxd3 Rc6 35. Qg3 Qe4 36. Qe1 Qf5 37. Qd2 Rfc8 38. Rc1 Rc4 39. Ka2 Qe6 40. b3 Rc3 41. Kb2 Nf5 42. Nb4 a5 43. Na2 Qb6 44. Rab1 b4 45. a4 Qc5 46. Ka1 Ne3 47. Rb2 d3 48. f5 Rxc2 49. Rbxc2 Nxc2+ 50. Kb2 Qd4+ 51. Nc3 bxc3+ 0-1


[Site "https://www.chess.com"]

[Event "Titled Tuesday Blitz February 21 Late 2023"]
[White "Backsten, Jan"]
[Black "Ladopoulos, Dimitrios"]
[WhiteFideId "1735381"]
[BlackFideId "4239580"]
[WhiteElo "2029"]
[BlackElo "2391"]
[Result "0-1"]
[Round "03"]
[TimeControl "180+2"]
[Date "2023.02.21"]
[WhiteClock "0:00:15"]
[BlackClock "0:00:37"]

1. e4 c5 2. Nf3 e6 3. d4 cxd4 4. Nxd4 Nc6 5. Nc3 Qc7 6. Be3 a6 7. Qf3 Nf6 8. O-O-O h5 9. h4 Ng4 10. Bg5 Nxd4 11. Rxd4 Bc5 12. Rd2 b5 13. Bf4 Qb6 14. Bg3 Bb7 15. Bd3 Bc6 16. Qe2 b4 17. Nd5 Bxd5 18. exd5 O-O 19. Be4 f5 20. Bf3 Rae8 21. dxe6 dxe6 22. Bxg4 fxg4 23. Re1 Rf5 24. Qc4 Bxf2 25. Bxf2 Rxf2 26. Rxe6 Qxe6 27. Qxe6+ Rxe6 28. Rxf2 Re1+ 29. Kd2 Rh1 30. g3 Rg1 31. Rf5 g6 32. Rf6 Kg7 33. Rxa6 Rxg3 34. Rb6 g5 35. hxg5 h4 36. Rh6 h3 37. Ke2 Rg2+ 38. Kf1 Rxc2 39. Rh4 h2 40. a4 g3 0-1


[Site "https://www.chess.com"]

[Event "Titled Tuesday Blitz February 21 Late 2023"]
[White "Zarnicki, Pablo"]
[Black "Davidson, Kevin"]
[WhiteFideId "100137"]
[BlackFideId "2056810"]
[WhiteElo "2514"]
[BlackElo "2154"]
[Result "1-0"]
[Round "03"]
[TimeControl "180+2"]
[Date "2023.02.21"]
[WhiteClock "0:00:20"]
[BlackClock "0:01:04"]

1. e4 c5 2. Nf3 d6 3. d4 cxd4 4. Nxd4 Nf6 5. Nc3 a6 6. h3 e6 7. g4 d5 8. Bg2 Nxe4 9. Nxe4 dxe4 10. Bxe4 e5 11. Nf3 Qxd1+ 12. Kxd1 f6 13. Be3 Nc6 14. c3 Be6 15. Kc2 Be7 16. Rad1 Kf7 17. Kb1 h5 18. g5 h4 19. Rhg1 Rad8 20. gxf6 Bxf6 21. Bg6+ Ke7 22. Bc5+ 1-0


[Site "https://www.chess.com"]

[Event "Titled Tuesday Blitz February 21 Late 2023"]
[White "Jimenez Jimenez, Leandro"]
[Black "Goroshkov, Maksym"]
[WhiteFideId "6415253"]
[BlackFideId "14142716"]
[WhiteElo "2146"]
[BlackElo "2287"]
[Result "0-1"]
[Round "03"]
[TimeControl "180+2"]
[Date "2023.02.21"]
[WhiteClock "0:00:02"]
[BlackClock "0:00:09"]

1. d4 Nf6 2. c4 e5 3. dxe5 Ng4 4. Bf4 Nc6 5. Nf3 Bb4+ 6. Nbd2 Qe7 7. a3 Ngxe5 8. Nxe5 Nxe5 9. e3 Bxd2+ 10. Qxd2 d6 11. Rc1 b6 12. c5 bxc5 13. b4 cxb4 14. Bb5+ Bd7 15. Rxc7 Rd8 16. O-O O-O 17. Bxd7 bxa3 18. Rfc1 Nxd7 19. Bxd6 Qf6 20. Bxf8 Nxf8 21. Qc3 Qb6 22. h3 a2 23. Qc4 Ne6 24. Rc8 Qb2 25. Rxd8+ Nxd8 26. Qc8 Qd2 27. Kh2 h6 28. Ra1 Qd5 29. Qc2 Qe5+ 30. f4 Qxa1 31. Qd3 Qf6 32. g4 a1=Q 33. g5 Qfb2+ 34. Kg3 Qg1+ 35. Kh4 Qbf2+ 36. Kh5 Qf3+ 37. Kh4 Qfg3+ 38. Kh5 Qxh3# 0-1


[Site "https://www.chess.com"]

[Event "Titled Tuesday Blitz February 21 Late 2023"]
[White "Poliakova, Varvara"]
[Black "Rosenberg, Evan S"]
[WhiteFideId "13518313"]
[BlackFideId "2019299"]
[WhiteElo "2010"]
[BlackElo "1956"]
[Result "0-1"]
[Round "03"]
[TimeControl "180+2"]
[Date "2023.02.21"]
[WhiteClock "0:00:06"]
[BlackClock "0:00:19"]

1. e4 e5 2. Nf3 Nc6 3. Bc4 Nf6 4. d3 h6 5. c3 d6 6. Bb3 g6 7. Nbd2 Bg7 8. h3 O-O 9. O-O Be6 10. Nc4 Re8 11. Re1 a5 12. a4 Nd7 13. Ne3 Nc5 14. Bc2 f5 15. d4 exd4 16. cxd4 Nxe4 17. d5 Bf7 18. dxc6 bxc6 19. Nd4 c5 20. Ndxf5 gxf5 21. Nxf5 d5 22. Bxh6 Bxh6 23. Nxh6+ Kg7 24. Nf5+ Kh8 25. Bxe4 dxe4 26. Qg4 Qf6 27. Ng3 Rg8 28. Qxe4 Rae8 29. Qc2 c4 30. Qc3 Qxc3 31. bxc3 Bd5 32. Rad1 c6 33. Rxe8 Rxe8 34. Rd4 Re1+ 35. Kh2 Ra1 36. Rh4+ Kg8 37. Nf5 Rxa4 38. Ne7+ Kf7 39. Nxd5 cxd5 40. Rh5 Ke6 41. Rh6+ Ke5 42. Ra6 Ke4 43. h4 d4 44. cxd4 c3 45. h5 Rc4 46. h6 c2 47. h7 Rc8 48. Rc6 Rxc6 49. h8=Q c1=Q 50. Qe5+ Kd3 51. d5 Rh6+ 52. Kg3 Rg6+ 53. Kh2 Qh6+ 54. Kg1 Qg5 55. Qh2 Qc1# 0-1


[Site "https://www.chess.com"]

[Event "Titled Tuesday Blitz February 21 Late 2023"]
[White "Ozates, Tuna"]
[Black "Jian, Alex"]
[WhiteFideId "6354521"]
[BlackFideId "30901022"]
[WhiteElo "2251"]
[BlackElo "2031"]
[Result "1-0"]
[Round "03"]
[TimeControl "180+2"]
[Date "2023.02.21"]
[WhiteClock "0:02:05"]
[BlackClock "0:00:18"]

1. e4 c5 2. Nf3 Nc6 3. Bb5 g6 4. Bxc6 dxc6 5. d3 Bg7 6. h3 Nf6 7. O-O O-O 8. Nc3 Ne8 9. Be3 b6 10. Qd2 Nc7 11. a3 a5 12. Na4 Ne6 13. Rab1 Ba6 14. c4 Qc7 15. b4 axb4 16. axb4 cxb4 17. Nxb6 Rab8 18. Rxb4 c5 19. Nd5 Qd6 20. Ra4 Rb2 21. Qc1 Rfb8 22. e5 Bxe5 23. Nxe5 Qxe5 24. Rxa6 1-0


[Site "https://www.chess.com"]

[Event "Titled Tuesday Blitz February 21 Late 2023"]
[White "Sielecki, Christof"]
[Black "Szyszylo, Rafal"]
[WhiteFideId "4620437"]
[BlackFideId "1109626"]
[WhiteElo "2419"]
[BlackElo "2091"]
[Result "0-1"]
[Round "03"]
[TimeControl "180+2"]
[Date "2023.02.21"]
[WhiteClock "0:00:16"]
[BlackClock "0:00:07"]

1. e4 d6 2. d4 g6 3. Nc3 Nf6 4. f4 Bg7 5. Nf3 O-O 6. Bd3 Na6 7. O-O c5 8. d5 Bg4 9. h3 Bxf3 10. Rxf3 Rc8 11. Bc4 Nd7 12. a4 Nb6 13. Bf1 c4 14. Be3 Nc5 15. Bd4 a5 16. Bxg7 Kxg7 17. Qd4+ Kg8 18. e5 Qd7 19. Re1 Nbxa4 20. e6 fxe6 21. dxe6 Qc6 22. Nd5 Rce8 23. f5 Nb6 24. Nxb6 Qxb6 25. fxg6 hxg6 26. Rg3 Rf6 27. Kh2 Na4 28. Qh4 Kg7 29. Qxc4 Qb4 30. Qxb4 axb4 31. b3 Nc3 32. Bc4 b5 33. Bd3 d5 34. Rg4 Rd8 35. Rxb4 d4 36. Re5 Rd6 37. Rexb5 Nxb5 38. Rxb5 Rdxe6 39. Rd5 Rd6 40. Re5 Rfe6 41. Rc5 Re3 42. b4 e5 43. b5 e4 44. Bc4 Rc3 45. Rc7+ Kf6 46. Rf7+ Ke5 47. Bb3 d3 48. Re7+ Kd4 49. b6 Rxb6 50. Rd7+ Ke3 51. Re7 d2 52. Bd5 d1=Q 53. Rxe4+ Kd2 54. Rd4+ Kxc2 55. Be4+ Kc1 56. Rxd1+ Kxd1 57. Bf3+ Kd2 58. Kg3 Rc4 59. h4 Rbb4 60. Kh3 Rd4 61. Kg3 Ke3 62. h5 gxh5 63. Bxh5 Rf4 64. Bf3 Rxf3+ 65. gxf3 Rf4 66. Kg2 Rxf3 67. Kg1 Rf2 68. Kh1 Kf3 69. Kg1 Kg3 70. Kh1 Rf1# 0-1


[Site "https://www.chess.com"]

[Event "Titled Tuesday Blitz February 21 Late 2023"]
[White "Manelyuk, Daniil"]
[Black "Rian, Kapriaga"]
[WhiteFideId "44173920"]
[BlackFideId "7103263"]
[WhiteElo "2302"]
[BlackElo "2089"]
[Result "1-0"]
[Round "03"]
[TimeControl "180+2"]
[Date "2023.02.21"]
[WhiteClock "0:00:22"]
[BlackClock "0:00:05"]

1. e4 c6 2. d4 d5 3. e5 Bf5 4. h4 h5 5. Bd3 Bxd3 6. Qxd3 e6 7. Bg5 Qb6 8. Nd2 Qa6 9. c4 Ne7 10. Ne2 Nf5 11. O-O Nd7 12. a3 Nb6 13. Rfc1 dxc4 14. Nxc4 Nxc4 15. Rxc4 Be7 16. Rac1 Rd8 17. Qf3 Nxh4 18. Bxh4 Bxh4 19. Qf4 Be7 20. Ng3 g6 21. Ne4 Qb6 22. b4 a5 23. R1c3 axb4 24. axb4 Kf8 25. Rf3 Rh7 26. Nd6 Bxd6 27. exd6 Qb5 28. Rc5 Qxb4 29. Qe5 Kg8 30. Kh2 1-0


[Site "https://www.chess.com"]

[Event "Titled Tuesday Blitz February 21 Late 2023"]
[White "Zeman, Matyas"]
[Black "Shapiro, Viktor"]
[WhiteFideId "364398"]
[BlackFideId "4175700"]
[WhiteElo "2296"]
[BlackElo "2192"]
[Result "0-1"]
[Round "03"]
[TimeControl "180+2"]
[Date "2023.02.21"]
[WhiteClock "0:00:03"]
[BlackClock "0:00:39"]

1. d4 Nf6 2. Nf3 c5 3. d5 e6 4. Nc3 exd5 5. Nxd5 Nxd5 6. Qxd5 d6 7. e4 Nc6 8. Ng5 Qc7 9. Bc4 Ne5 10. Bb5+ Bd7 11. Bxd7+ Qxd7 12. f4 Nc6 13. c3 h6 14. Nf3 Qe6 15. O-O Qxd5 16. exd5 Ne7 17. Re1 Kd7 18. c4 g6 19. g4 Bg7 20. Rb1 b5 21. b3 Rab8 22. Bd2 Rb7 23. Rbc1 bxc4 24. Rxc4 Nxd5 25. Rd1 Kc6 26. Rdc1 Nb6 27. R4c2 Re8 28. Kf2 Re4 29. Ba5 Rxf4 30. b4 Nd7 31. Kg3 Re4 32. Rd1 Ne5 33. bxc5 dxc5 34. Nd4+ Rxd4 35. Rxd4 Nd7 36. Rdc4 Be5+ 37. Kf3 Rb5 38. Bc3 Kd5 39. Bxe5 Nxe5+ 0-1


[Site "https://www.chess.com"]

[Event "Titled Tuesday Blitz February 21 Late 2023"]
[White "Vovk, Orest"]
[Black "Lerch, Philipp"]
[WhiteFideId "14113490"]
[BlackFideId "4654129"]
[WhiteElo "2315"]
[BlackElo "2305"]
[Result "0-1"]
[Round "03"]
[TimeControl "180+2"]
[Date "2023.02.21"]
[WhiteClock "0:00:11"]
[BlackClock "0:00:18"]

1. h4 d5 2. h5 h6 3. e4 dxe4 4. Nc3 Nf6 5. Qe2 Nc6 6. Nxe4 Nxe4 7. Qxe4 Qd4 8. Qxd4 Nxd4 9. Bd3 e5 10. Ne2 Ne6 11. Bb5+ c6 12. Bc4 Bc5 13. d3 Bd7 14. Be3 Be7 15. O-O-O O-O 16. a3 b5 17. Ba2 a5 18. g4 b4 19. a4 c5 20. Bb3 Nd4 21. Bxd4 cxd4 22. Rhg1 Bg5+ 23. Kb1 Ra6 24. f4 Bxf4 25. Nxf4 exf4 26. g5 Re8 27. Rdf1 hxg5 28. Rxg5 Rf6 29. Rfg1 f3 30. Rxg7+ Kh8 31. Bxf7 f2 32. Bxe8 f1=Q+ 33. Rxf1 Rxf1+ 34. Ka2 Be6+ 35. b3 Kxg7 36. Kb2 Kf6 37. Bg6 Kg5 38. Be8 Bf5 39. Bf7 Kf4 40. h6 Rh1 41. h7 Bxh7 42. Bd5 Rg1 43. Bc4 Ke3 44. Bg8 Bxg8 0-1


[Site "https://www.chess.com"]

[Event "Titled Tuesday Blitz February 21 Late 2023"]
[White "Kovalevsky, Stanislav"]
[Black "Kourkoulos-Arditis, Stamatis"]
[WhiteFideId "13508598"]
[BlackFideId "4221990"]
[WhiteElo "2237"]
[BlackElo "2539"]
[Result "0-1"]
[Round "03"]
[TimeControl "180+2"]
[Date "2023.02.21"]
[WhiteClock "0:00:12"]
[BlackClock "0:00:21"]

1. c4 g6 2. Nc3 Bg7 3. g3 c5 4. Bg2 Nc6 5. a3 Nh6 6. Rb1 a5 7. Nf3 Nf5 8. Nb5 h5 9. e4 Nfd4 10. Nfxd4 Nxd4 11. Nxd4 Bxd4 12. d3 h4 13. Bg5 d6 14. Qd2 h3 15. Bf3 a4 16. O-O Rb8 17. Be3 e5 18. Bxd4 exd4 19. b4 axb3 20. Rxb3 Qf6 21. Qf4 Qxf4 22. gxf4 Rh4 23. Rfb1 Rxf4 24. Be2 Kd8 25. Kf1 Kc7 26. Ke1 Bd7 27. f3 g5 28. Kf2 Bc6 29. Kg3 Rh4 30. Rf1 Rg8 31. f4 Rxf4 32. Rxf4 gxf4+ 33. Kxf4 Rg2 34. Rb2 Bd7 35. e5 dxe5+ 36. Kxe5 Rxh2 37. Kf4 Rf2+ 38. Kg3 Rg2+ 39. Kf4 Bc6 40. a4 h2 41. a5 h1=Q 42. a6 Qh4+ 43. Ke5 Qg5# 0-1


[Site "https://www.chess.com"]

[Event "Titled Tuesday Blitz February 21 Late 2023"]
[White "Moral Garcia, Serafin"]
[Black "Goncalves, Davi Sulzbacher"]
[WhiteFideId "2201925"]
[BlackFideId "2154510"]
[WhiteElo "2238"]
[BlackElo "2282"]
[Result "1-0"]
[Round "03"]
[TimeControl "180+2"]
[Date "2023.02.21"]
[WhiteClock "0:00:18"]
[BlackClock "0:00:02"]

1. c4 Nf6 2. Nc3 e6 3. b3 Be7 4. Bb2 O-O 5. Nf3 c5 6. e3 b6 7. Be2 Bb7 8. O-O d5 9. d4 Nbd7 10. cxd5 exd5 11. Ne5 Nxe5 12. dxe5 Ne4 13. Bf3 Nxc3 14. Bxc3 Qd7 15. Bg4 Qc6 16. Qf3 Rad8 17. Qg3 Qg6 18. Rfd1 Qc2 19. Rdc1 Qd3 20. e6 f6 21. h4 Bd6 22. Qh3 f5 23. Bf3 d4 24. exd4 Bxf3 25. Qxf3 Qxf3 26. gxf3 cxd4 27. Bxd4 Rfe8 28. Rc6 Rxe6 29. Rac1 Bf4 30. Rxe6 Bxc1 31. Be5 Ba3 32. Rc6 Rd7 33. Kg2 Kf7 34. f4 Bc5 35. Kf3 h5 36. Rc8 Rd2 37. Rc7+ Ke8 38. Rxg7 Rxf2+ 39. Kg3 Rxa2 40. Rg5 Bf2+ 41. Kf3 Bxh4 42. Rxh5 Be1 43. Rxf5 Ra3 44. Ke4 Rxb3 45. Kd5 Rd3+ 46. Ke6 Bb4 47. Rh5 Rg3 48. Rh8+ Bf8 49. f5 Rc3 50. Bxc3 1-0


[Site "https://www.chess.com"]

[Event "Titled Tuesday Blitz February 21 Late 2023"]
[White "Djokic, Mihailo"]
[Black "Koziol, Kamil"]
[WhiteFideId "976440"]
[BlackFideId "1161555"]
[WhiteElo "2192"]
[BlackElo "2286"]
[Result "1-0"]
[Round "03"]
[TimeControl "180+2"]
[Date "2023.02.21"]
[WhiteClock "0:00:58"]
[BlackClock "0:00:17"]

1. c4 e6 2. d4 d5 3. Nf3 Nf6 4. Nc3 Bb4 5. cxd5 exd5 6. Qb3 Nc6 7. Ne5 Nxd4 8. Qd1 Nb5 9. Qa4 Bxc3+ 10. bxc3 c6 11. Bb2 O-O 12. e3 Re8 13. c4 Nc7 14. Be2 Be6 15. c5 Nd7 16. Nd3 Qe7 17. O-O Nxc5 18. Qd4 Qg5 19. Nxc5 Bh3 20. Qxg7+ Qxg7 21. Bxg7 Bxg2 22. Kxg2 Kxg7 23. Nxb7 Ne6 24. Nd6 Rg8 25. Kh1 Kf6 26. Rac1 Nd8 27. Rg1 Rxg1+ 28. Kxg1 Ke6 29. Ne8 Kd7 30. Nf6+ Ke6 31. Nh5 Rb8 32. Rc2 Rb1+ 33. Kg2 f6 34. Nf4+ Kd6 35. Bd3 Rb7 36. h4 h6 37. h5 Nf7 38. Bg6 Ne5 39. Ne2 Nc4 40. Nd4 a5 41. Nf5+ Ke5 42. Nxh6 d4 43. Ng4+ Kd5 44. Nxf6+ Kc5 45. exd4+ Kxd4 46. h6 Ne5 47. Bf5 Rf7 48. h7 Rg7+ 49. Kf1 1-0


[Site "https://www.chess.com"]

[Event "Titled Tuesday Blitz February 21 Late 2023"]
[White "Li, Hui"]
[Black "Krishnan, Varun"]
[WhiteFideId "15400310"]
[BlackFideId "5054508"]
[WhiteElo "1963"]
[BlackElo "2341"]
[Result "1/2-1/2"]
[Round "03"]
[TimeControl "180+2"]
[Date "2023.02.21"]
[WhiteClock "0:00:02"]
[BlackClock "0:00:01"]

1. e4 c5 2. Nf3 d6 3. d4 cxd4 4. Nxd4 Nf6 5. Nc3 a6 6. Be2 e5 7. Nb3 Be7 8. O-O O-O 9. Be3 Be6 10. Qd2 Nbd7 11. a4 Rc8 12. a5 Rxc3 13. Qxc3 Nxe4 14. Qb4 d5 15. Qxb7 Nd6 16. Qxa6 d4 17. Bd2 Qc7 18. c3 Bxb3 19. cxd4 exd4 20. Rfc1 Nc5 21. Qb6 Qxb6 22. axb6 Nc8 23. Bb4 d3 24. Bf3 Nd7 25. Bxe7 Nxe7 26. b7 Rb8 27. Rc3 Bd5 28. Bxd5 g6 29. Rxd3 Nxd5 30. Rxd5 Rxb7 31. h4 Nf6 32. Rd2 Kg7 33. Rb1 Rb4 34. g3 h5 35. Kg2 Ng4 36. b3 Ne5 37. Rc2 Nd3 38. Rc4 Rb5 39. b4 Kf6 40. Rb3 Ne5 41. Rc5 1/2-1/2


[Site "https://www.chess.com"]

[Event "Titled Tuesday Blitz February 21 Late 2023"]
[White "Vaglio Mattey, Emanuel"]
[Black "Guzman, Christopher"]
[WhiteFideId "6504167"]
[BlackFideId "6405096"]
[WhiteElo "2155"]
[BlackElo "2271"]
[Result "1-0"]
[Round "03"]
[TimeControl "180+2"]
[Date "2023.02.21"]
[WhiteClock "0:00:19"]
[BlackClock "0:00:33"]

1. d4 Nf6 2. Nf3 e6 3. Bg5 b6 4. Nbd2 Bb7 5. e4 d5 6. Bd3 h6 7. Bxf6 Qxf6 8. e5 Qd8 9. c3 c5 10. Nf1 Be7 11. Ng3 Nc6 12. O-O Rc8 13. a3 a6 14. b4 a5 15. b5 Nb8 16. Nh5 Kf8 17. h3 g6 18. Nf4 Bg5 19. Qd2 Kg7 20. h4 Bxf4 21. Qxf4 Nd7 22. Qg4 Qe7 23. Rae1 cxd4 24. Nxd4 Rxc3 25. Bxg6 fxg6 26. Nxe6+ Kh7 27. Nf4 Rg8 28. h5 Nxe5 29. hxg6+ Kh8 30. Qh5 Qg5 31. Rxe5 Qxh5 32. Rxh5 Kg7 33. Re1 Kf6 34. Re6+ Kg7 35. Re7+ Kf6 36. Rxb7 Rg7 37. Nxd5+ Kxg6 38. Rxg7+ Kxg7 39. Nxc3 1-0


[Site "https://www.chess.com"]

[Event "Titled Tuesday Blitz February 21 Late 2023"]
[White "Melian, Juan Sebastian"]
[Black "Skaric, Djuro"]
[WhiteFideId "3706575"]
[BlackFideId "934569"]
[WhiteElo "2293"]
[BlackElo "2334"]
[Result "1-0"]
[Round "03"]
[TimeControl "180+2"]
[Date "2023.02.21"]
[WhiteClock "0:00:43"]
[BlackClock "0:01:35"]

1. d4 d6 2. e4 g6 3. Nc3 Bg7 4. Be3 Nf6 5. f3 Nc6 6. Qd2 h5 7. Nge2 a6 8. O-O-O e5 9. Kb1 b5 10. dxe5 Nxe5 11. Nf4 Bd7 12. Nfd5 Be6 13. Bg5 O-O 14. f4 Nc4 15. Bxc4 bxc4 16. e5 dxe5 17. fxe5 Nxd5 18. Bxd8 Nxc3+ 19. Qxc3 Rfxd8 20. h3 c6 21. Rhf1 Rd5 22. Rxd5 Bxd5 23. Rf2 Re8 24. Re2 f5 25. b3 cxb3 26. axb3 Re6 27. Qa5 Bf8 28. Qxa6 c5 29. Qc8 Kf7 30. Qd7+ Be7 31. Qxd5 g5 32. Rf2 f4 33. g3 1-0


[Site "https://www.chess.com"]

[Event "Titled Tuesday Blitz February 21 Late 2023"]
[White "Fieberg, Samuel"]
[Black "Gerbelli Neto, Eduardo"]
[WhiteFideId "12901717"]
[BlackFideId "2103281"]
[WhiteElo "2157"]
[BlackElo "2114"]
[Result "0-1"]
[Round "03"]
[TimeControl "180+2"]
[Date "2023.02.21"]
[WhiteClock "0:00:19"]
[BlackClock "0:00:26"]

1. c4 c5 2. g3 Nf6 3. Bg2 d5 4. cxd5 Nxd5 5. Nc3 Nc7 6. Qb3 Nc6 7. Bxc6+ bxc6 8. Nf3 e6 9. d3 Bd7 10. Qc4 Nd5 11. b3 Rb8 12. Bb2 Rb4 13. Qa6 Rb6 14. Qa4 Nb4 15. Qxa7 Ra6 16. Qb7 Bc8 17. Qxa6 Bxa6 18. O-O Be7 19. a3 Nc2 20. Rac1 Nd4 21. Nxd4 cxd4 22. Ne4 Bb7 23. Nc5 Bc8 24. b4 O-O 25. Rc4 e5 26. f4 f6 27. f5 g6 28. g4 Kf7 29. Ne4 gxf5 30. gxf5 Rg8+ 31. Kh1 Qd5 32. a4 Rg4 33. Rcc1 Rf4 34. Rxf4 exf4 35. b5 Bxf5 36. bxc6 Bxe4+ 37. dxe4 Qxe4+ 38. Kg1 Qe3+ 39. Kg2 Qxe2+ 40. Kh3 Qxb2 41. Rc4 Qb3+ 42. Kg4 Qxc4 43. c7 Qxc7 44. a5 Qxa5 45. h4 Qe5 46. h5 d3 47. h6 d2 48. Kf3 d1=Q+ 49. Kg2 f3+ 50. Kh3 Qh1+ 51. Kg4 Qg5# 0-1


[Site "https://www.chess.com"]

[Event "Titled Tuesday Blitz February 21 Late 2023"]
[White "Martynov, Pavel"]
[Black "Rios Escobar, Adan"]
[WhiteFideId "4101260"]
[BlackFideId "3403645"]
[WhiteElo "2414"]
[BlackElo "2234"]
[Result "1-0"]
[Round "03"]
[TimeControl "180+2"]
[Date "2023.02.21"]
[WhiteClock "0:00:08"]
[BlackClock "0:00:05"]

1. e4 c5 2. Nf3 d6 3. Bb5+ Nd7 4. O-O a6 5. Bxd7+ Bxd7 6. c3 Bc6 7. Re1 g6 8. d4 Bg7 9. Bf4 Nf6 10. d5 Bd7 11. e5 dxe5 12. Nxe5 O-O 13. Na3 b5 14. Qf3 Nh5 15. Bd2 Qc7 16. Nxd7 Qxd7 17. Rad1 Rad8 18. Bg5 Nf6 19. c4 h6 20. Bh4 g5 21. Bg3 Ne8 22. b3 Nd6 23. h4 Bb2 24. Nc2 bxc4 25. Bxd6 Qxd6 26. bxc4 Bf6 27. Ne3 Rb8 28. Nf5 Qf4 29. Nxh6+ Kg7 30. Nf5+ Kg6 31. Qxf4 gxf4 32. Nxe7+ Bxe7 33. Rxe7 Rb2 34. d6 Rd8 35. d7 Rb7 36. Rd6+ Kg7 37. Kh2 Kf8 38. Re8+ Rxe8 39. dxe8=Q+ Kxe8 40. Rxa6 Rb4 41. h5 Kf8 42. h6 Kg8 43. a4 Rxc4 44. a5 Ra4 45. Kh3 c4 46. Kg4 c3 47. Rc6 Ra3 48. a6 Kh7 49. Kxf4 f6 50. Rxf6 Ra4+ 51. Kg5 Rc4 52. Rf7+ Kg8 53. Rg7+ Kh8 54. a7 Rc8 55. Rc7 Rg8+ 56. Kf4 Ra8 57. Rb7 Rc8 58. Rb8 c2 59. Rxc8+ Kh7 60. Rxc2 Kg6 61. Rc5 Kh7 62. a8=Q Kg6 63. Qa6+ Kh7 64. Rc7+ Kg8 65. Qc8# 1-0


[Site "https://www.chess.com"]